 Dungeon Crawl Stone Soup version 0.27.0-1-g7a089689b8 (webtiles) character file.

Game seed: 16121063635619425526

193 inmateoo the Insei (level 5, -3/41 HPs)
             Began as a Gnoll Transmuter on Aug 2, 2021.
             Slain by Crazy Yiuf (11 damage)
             ... on level 3 of the Dungeon.
             The game lasted 00:04:14 (2751 turns).

inmateoo the Insei (Gnoll Transmuter)               Turns: 2751, Time: 00:04:15

Health: -3/41      AC:  0    Str: 10    XL:     5   Next: 72%
Magic:  8/12       EV: 15    Int: 13    God:
Gold:   75         SH:  0    Dex: 12    Spells: 8/14 levels left

rFire    . . .     SeeInvis .     - Unarmed
rCold    . . .     Faith    .   (shield currently unavailable)
rNeg     . . .     Spirit   .   (armour currently unavailable)
rPois    .         Reflect  .   (helmet currently unavailable)
rElec    .         Harm     .   (cloak currently unavailable)
rCorr    .         Rampage  .   (gloves currently unavailable)
Will     .....                  (boots currently unavailable)
Stlth    ++........             (no amulet)
HPRegen  0.13/turn              (ring currently unavailable)
MPRegen  0.13/turn              (ring currently unavailable)

@: pig-form, very quick
A: fast, no casting, small, (fangs 1), strong nose, distributed training
a: no special abilities


You were on level 3 of the Dungeon.
You were a filthy swine.
You visited 1 branch of the dungeon, and saw 3 of its levels.

You collected 75 gold pieces.

Inventory:

Hand Weapons
 h - a +3 short sword of protection
Armour
 a - a +0 robe (melded)
Jewellery
 k - a ring of fire
Wands
 e - a wand of flame (10)
Scrolls
 i - a scroll of blinking {unknown}
 l - a scroll of identify
Potions
 b - a potion of invisibility
 c - a potion of curing
 d - 2 potions of flight {unknown}
 f - 2 potions of degeneration {unknown}
 g - a potion of brilliance {unknown}
 j - a potion of haste


   Skills:
 + Level 3.0 Fighting
 + Level 1.6 Short Blades
 + Level 1.6 Long Blades
 + Level 1.6 Axes
 + Level 1.6 Maces & Flails
 + Level 1.6 Polearms
 + Level 1.6 Staves
 + Level 1.6 Slings
 + Level 1.6 Bows
 + Level 1.6 Crossbows
 + Level 1.6 Throwing
 + Level 1.6 Armour
 + Level 4.8 Dodging
 + Level 1.6 Stealth
 + Level 1.6 Shields
 + Level 6.7 Unarmed Combat
 + Level 5.2 Spellcasting
 + Level 1.3 Conjurations
 + Level 1.3 Hexes
 + Level 1.3 Summonings
 + Level 1.3 Necromancy
 + Level 1.3 Translocations
 + Level 4.0 Transmutations
 + Level 1.3 Fire Magic
 + Level 1.3 Ice Magic
 + Level 1.3 Air Magic
 + Level 1.3 Earth Magic
 + Level 1.3 Poison Magic
 + Level 1.8 Invocations
 + Level 1.6 Evocations


You had 8 spell levels left.
You knew the following spells:

 Your Spells              Type           Power      Damage    Failure   Level
a - Beastly Appendage     Tmut           26%        N/A       3%          1
b - Wereblood             Tmut           13%        N/A       5%          2
c - Spider Form           Tmut/Pois      5%         N/A       19%         3

Your spell library contained the following spells:

 Spells                   Type           Power      Damage    Failure   Level
 Call Canine Familiar     Summ           6%         N/A       32%         3
 Portal Projectile        Hex/Tloc       12%        N/A       32%         3
 Ice Form                 Ice/Tmut       10%        N/A       52%         4
 Leda's Liquefaction      Hex/Erth       3%         N/A       71%         4


Dungeon Overview and Level Annotations

Branches:
Dungeon (3/15)

Altars:
Uskayaw
Beogh

Annotations:
D:3 Crazy Yiuf


Innate Abilities, Weirdness & Mutations

You are a filthy swine.
You move quickly.
Your equipment is almost entirely melded.
You are incapable of wielding weapons or throwing items.
You cannot cast spells.
((You have very sharp teeth.))
Your uncanny sense of smell can sniff out nearby items.
Your experience applies equally to all skills.


Message History

Casting: Beastly Appendage (safe; 3% risk of failure)
Confirm with . or Enter, or press ? or * to list all spells.
The spell is quite dangerous to cast (19% risk of failure)!
Continue anyway?
You miscast Spider Form.
You are very lightly contaminated with residual magic.
Nothing appears to happen.
You start resting.
Crazy Yiuf flaps his cloak.
Your magical contamination has completely faded away.
Casting: Spider Form (quite dangerous; 19% risk of failure)
Confirm with . or Enter, or press ? or * to list all spells.
The spell is quite dangerous to cast (19% risk of failure)!
Continue anyway?
You turn into a venomous arachnid creature.
Your +0 robe melds into your body.
You open the door. You barely miss Crazy Yiuf. You hit Crazy Yiuf.
Crazy Yiuf is moderately wounded.
Crazy Yiuf hits you with a +4 quarterstaff of chaos!
Crazy Yiuf freezes you.
You hit Crazy Yiuf.
Crazy Yiuf is poisoned.
Crazy Yiuf is heavily wounded.
Crazy Yiuf drinks a potion.
Crazy Yiuf seems to speed up.
You barely miss Crazy Yiuf.
Crazy Yiuf is heavily wounded.
Crazy Yiuf hits you with a +4 quarterstaff of chaos!
You are confused.
Crazy Yiuf hits you with a +4 quarterstaff of chaos.
Your transformation has ended.
Your +0 robe unmelds from your body.
You turn into a filthy swine.
Your +0 robe melds into your body.
You bump into the tree.
Crazy Yiuf cries, "Earwax!"
Crazy Yiuf hits you with a +4 quarterstaff of chaos!
* * * LOW HITPOINT WARNING * * *
Crazy Yiuf freezes you.
* * * LOW HITPOINT WARNING * * *
You feel better.
Crazy Yiuf hits you with a +4 quarterstaff of chaos!
You die...

##########.####+..+#
...........# #....#
.....####..# ♣.♣..♣
.....# #..# ♣♣...♣
.....####..# ♣♣.♣♣
.....'.....# ♣♣.♣
.....####### ♣.♣♣
###### ♣♣.♣ ♣h♣♣ #g#
... #...# #)..#
##### #########
#.......####


You could see Crazy Yiuf (fast, very poisoned).

Vanquished Creatures
  An ice beast (D:3)
  An iguana (D:3)
  4 adders
  An orc (D:3)
  3 endoplasms (D:2)
  4 giant cockroaches
  2 goblins (D:3)
  3 hobgoblins
  3 quokkas
  6 ball pythons
  3 frilled lizards
  7 kobolds
  6 rats
44 creatures vanquished.

Notes
Turn   | Place    | Note
-------+----------+-------------------------------------------
     0 | D:1      | inmateoo the Gnoll Transmuter began the quest for the Orb.
     0 | D:1      | Reached XP level 1. HP: 17/17 MP: 6/6
   386 | D:1      | Reached XP level 2. HP: 23/23 MP: 5/7
   416 | D:1      | Found a faded altar of an unknown god.
   645 | D:2      | Learned a level 2 spell: Wereblood
   814 | D:2      | Reached skill level 5 in Spellcasting
   814 | D:2      | Reached XP level 3. HP: 18/28 MP: 7/9
  1219 | D:2      | Reached skill level 1 in Invocations
  1439 | D:3      | Learned a level 3 spell: Spider Form
  1473 | D:3      | Reached skill level 1 in Short Blades
  1473 | D:3      | Reached skill level 1 in Long Blades
  1473 | D:3      | Reached skill level 1 in Axes
  1473 | D:3      | Reached skill level 1 in Maces & Flails
  1473 | D:3      | Reached skill level 1 in Polearms
  1473 | D:3      | Reached skill level 1 in Staves
  1473 | D:3      | Reached skill level 1 in Slings
  1473 | D:3      | Reached skill level 1 in Bows
  1473 | D:3      | Reached skill level 1 in Crossbows
  1473 | D:3      | Reached skill level 1 in Throwing
  1473 | D:3      | Reached skill level 1 in Armour
  1473 | D:3      | Reached skill level 1 in Stealth
  1473 | D:3      | Reached skill level 1 in Shields
  1473 | D:3      | Reached skill level 1 in Evocations
  1507 | D:3      | Noticed an ice beast
  1561 | D:2      | Reached XP level 4. HP: 22/34 MP: 11/11
  1776 | D:3      | Found a hide-covered altar of Uskayaw.
  1903 | D:3      | Reached skill level 1 in Conjurations
  1903 | D:3      | Reached skill level 1 in Hexes
  1903 | D:3      | Reached skill level 1 in Summonings
  1903 | D:3      | Reached skill level 1 in Necromancy
  1903 | D:3      | Reached skill level 1 in Translocations
  1903 | D:3      | Reached skill level 1 in Fire Magic
  1903 | D:3      | Reached skill level 1 in Ice Magic
  1903 | D:3      | Reached skill level 1 in Air Magic
  1903 | D:3      | Reached skill level 1 in Earth Magic
  1903 | D:3      | Reached skill level 1 in Poison Magic
  2589 | D:3      | Found a runed translucent door.
  2590 | D:3      | Noticed Crazy Yiuf
  2661 | D:3      | Killed an ice beast
  2662 | D:3      | Reached XP level 5. HP: 41/41 MP: 12/12
  2750 | D:3      | HP: 2/41 [Crazy Yiuf (4)]
  2751 | D:3      | Slain by Crazy Yiuf

Illustrated notes

Levels and vault maps discovered:
D:1:      psy_arrival_whirlpool, layout_loops_cross,
          hellmonk_ecumenical_altar_defaced_shrine
D:2:      layout_basic, nicolae_underground_beach
D:3:      layout_basic, mainiacjoe_overflow_small_starburst, st_stairs_3,
          uniq_crazy_yiuf_cottage

Skill      XL: |  1  2  3  4 |
---------------+-------------+-----
Spellcasting   | 5 |  5.2
Invocations    | 1 |  1.8
Short Blades   | 1 |  1.6
Long Blades    | 1 |  1.6
Axes           | 1 |  1.6
Maces & Flails | 1 |  1.6
Polearms       | 1 |  1.6
Staves         | 1 |  1.6
Slings         | 1 |  1.6
Bows           | 1 |  1.6
Crossbows      | 1 |  1.6
Throwing       | 1 |  1.6
Armour         | 1 |  1.6
Stealth        | 1 |  1.6
Shields        | 1 |  1.6
Evocations     | 1 |  1.6
Conjurations   | 1 |  1.3
Hexes          | 1 |  1.3
Summonings     | 1 |  1.3
Necromancy     | 1 |  1.3
Translocations | 1 |  1.3
Fire Magic     | 1 |  1.3
Ice Magic      | 1 |  1.3
Air Magic      | 1 |  1.3
Earth Magic    | 1 |  1.3
Poison Magic   | 1 |  1.3
Fighting       | 3 |  3.0
Transmutations | 4 |  4.0
Dodging        | |  4.8
Unarmed Combat | |  6.7

Action                   |  1- 3 |  4- 6 || total
-------------------------+-------+-------++-------
Melee: Unarmed           |    86 |    35 ||   121
       Headbutt          |     6 |     2 ||     8
       Kick              |     8 |     6 ||    14
       Bite              |     7 |     3 ||    10
       Punch             |     1 |     1 ||     2
 Cast: Beastly Appendage |    17 |    11 ||    28
       Wereblood         |     1 |       ||     1
       Spider Form       |       |     1 ||     1
Evoke: Wand              |       |     5 ||     5
  Use: Scroll            |     5 |       ||     5
       Potion            |       |     1 ||     1
 Stab: Sleeping          |     3 |     1 ||     4
Armor: Robe              |     9 |     1 ||    10
Dodge: Dodged            |    44 |    19 ||    63
